 Dungeon Crawl Stone Soup version 0.29.0-3-gbb0933ed62 (webtiles) character file.

Game seed: 13925523212160895935

63 GigaChad the Covered (level 3, -2/33 HPs)
             Began as a Minotaur Fighter on Aug 25, 2022.
             Slain by a gnoll
             ... wielding a +0 halberd
              (4 damage)
             ... on level 3 of the Dungeon.
             The game lasted 00:03:44 (1146 turns).

GigaChad the Covered (Minotaur Fighter)             Turns: 1146, Time: 00:03:44

Health: -2/33      AC:  7    Str: 22    XL:     3   Next: 89%
Magic:  2/2        EV:  9    Int: 11    God:
Gold:   70         SH:  4    Dex:  9    Spells: 2/2 levels left

rFire   . . .      SeeInvis .   a - +0 long sword
rCold   . . .      Faith    .   c - +0 buckler
rNeg    . . .      Spirit   .   b - +0 scale mail
rPois   .          Reflect  .   (helmet restricted)
rElec   .          Harm     .   (no cloak)
rCorr   .          Rampage  .   (no gloves)
Will    .....                   (no boots)
Stlth   ..........              (no amulet)
HPRegen 0.11/turn               e - +6 ring of intelligence
MPRegen 0.08/turn               (no ring)

@: no status effects
A: horns 2, retaliatory headbutt
a: no special abilities


You were on level 3 of the Dungeon.
You visited 1 branch of the dungeon, and saw 3 of its levels.

You collected 70 gold pieces.

Inventory:

Hand Weapons
 a - a +0 long sword (weapon)
Armour
 b - a +0 scale mail (worn)
 c - a +0 buckler (worn)
Jewellery
 e - a +6 ring of intelligence (left hand)
 g - a ring of wizardry
 j - a ring of resist corrosion
Scrolls
 h - a scroll of fog {unknown}
 i - a scroll of identify {unknown}
Potions
 d - a potion of might
 f - a potion of heal wounds {unknown}
 k - 2 potions of attraction {unknown}


   Skills:
 + Level 4.1 Fighting
 + Level 3.0 Long Blades
 + Level 4.6 Armour
 + Level 0.6 Dodging
 + Level 4.1 Shields


You had 2 spell levels left.
You didn't know any spells.
Your spell library was empty.

Dungeon Overview and Level Annotations

Branches:
Dungeon (3/15)

Altars:
Gozag

Shops:
D:3 *


Innate Abilities, Weirdness & Mutations

You have a pair of horns on your head.
You reflexively headbutt those who attack you in melee.


Message History

k - 2 fizzy sapphire potions
Found a stone staircase leading down. 2 gnolls come into view.
The gnoll shouts! x2
A bat comes into view.
A gnoll comes into view. It is wielding a +0 club.
A gnoll comes into view. It is wielding a +0 whip.
The gnoll shouts!
There is a stone staircase leading down here.
The gnoll hits you but does no damage.
You slash the gnoll! Your headbutt misses the gnoll.
The gnoll is severely wounded.
The gnoll closely misses you. The gnoll barely misses you.
You barely miss the gnoll. You headbutt the gnoll.
The gnoll is almost dead.
The gnoll hits you with a +0 halberd! The gnoll completely misses you.
You barely miss the gnoll.
The gnoll is almost dead.
The gnoll barely misses you.
The gnoll hits you from afar with a +0 halberd.
You block the gnoll's attack. The gnoll hits you with a +0 halberd!
* * * LOW HITPOINT WARNING * * *
You hit the gnoll.
You kill the gnoll!
The gnoll closely misses you.
You hit the gnoll. Your headbutt misses the gnoll.
The gnoll is heavily wounded.
The gnoll hits you but does no damage. The gnoll hits you with a +0 club.
* * * LOW HITPOINT WARNING * * *
You closely miss the gnoll. Your headbutt misses the gnoll.
The gnoll is heavily wounded.
You block the gnoll's attack. The gnoll hits you but does no damage.
The gnoll hits you with a +0 club.
* * * LOW HITPOINT WARNING * * *
You block the gnoll's attack.
You closely miss the gnoll.
You headbutt the gnoll, but do no damage.
The gnoll is heavily wounded.
The gnoll hits you from afar with a +0 halberd.
You die...

## .. #.######b###..
#...>@ggg....
####.###.###.##.. .........#
. ..# ###.####.###.# #.#
###.## #....# #.# # ....#
#.#..# #.# .# #..# #.#..#
#.####.####
.####..###.#..####.⌠.⌠......
....................∩.##.###


You could see 3 gnolls and a bat.

Vanquished Creatures
  An adder (D:2)
  2 gnolls
  A dart slug (D:2)
  4 ball pythons (D:1)
  3 endoplasms
  A giant cockroach (D:1)
  2 goblins (D:1)
  2 hobgoblins (D:2)
  2 jackals (D:1)
  3 kobolds (D:1)
  2 quokkas
  3 bats
  A frilled lizard (D:1)
  4 rats (D:2)
31 creatures vanquished.

Notes
Turn   | Place    | Note
-------+----------+-------------------------------------------
     0 | D:1      | GigaChad the Minotaur Fighter began the quest for the Orb.
     0 | D:1      | Reached XP level 1. HP: 19/19 MP: 0/0
    79 | D:1      | Reached XP level 2. HP: 26/27 MP: 1/1
   218 | D:1      | You fall into a shaft and drop 1 floor!
   251 | D:2      | Reached XP level 3. HP: 33/33 MP: 2/2
   309 | D:2      | Found a faded altar of an unknown god.
  1062 | D:3      | Found Kiutocsi's Assorted Antiques.
  1081 | D:3      | Found an opulent altar of Gozag.
  1146 | D:3      | Slain by a gnoll

Illustrated notes

Levels and vault maps discovered:
D:1:      psy_arrival_heroes, layout_basic
D:2:      layout_basic, hellmonk_ecumenical_altar_pennies_from_heaven,
          kennysheep_decorative_pillar, fountainhead
D:3:      layout_loops_ring, nicolae_gozag_seed_capital, serial_shops,
          shop_fountains, kennysheep_doodads

Skill      XL: |  1  2  3 |
---------------+----------+-----
Fighting       | 4 |  4.1
Shields        | 4 |  4.1
Armour         | 4 |  4.6
Long Blades    | 3 |  3.0
Dodging        | |  0.6

Action                   || total
-------------------------++-------
Melee: Long sword        ||    82
       Headbutt          ||     9
  Use: Scroll            ||     1
Armor: Scale mail        ||    50
Dodge: Dodged            ||    46
Block: Buckler           ||    19
